noty, neutral male scurrid Tourist ----------------- ---------................--------- -------...............a................------- ------...............................Z.C..........------ -......................r................@..............- -...........................(.......[......'......M...e......- -.(.............................j......................f.........- -........................................+............M.....u?.......- |.............d.t......!....s........(B......................)...........| |................i../.....[.............e................................| |..................%S.......r.........[.........................` .......| ---....n....................t.............g....................... ..--- ---............................................................... --- ---.>..................hP............WW........%...............- ----....+..........................WWe....................---- ------..Y.%.............<.......h.`..........[....------ -------..........e.....................------- ---------................--------- ----------------- noty the Rambler Experience level: 1 Strength: 14 Dexterity: 13 Constitution: 14 Intelligence: 13 Wisdom: 8 Charisma: 13 Health: 0(9) Energy: 2(2) Def: 0 Gold: 160 Moves: 53 Dungeon seed: RqO7osMVpWArnBpr Game ID: noty_1498606555 Your Inventory: Coins $ - 160 gold pieces Weapons a - 42 uncursed +2 darts (in quiver) Armor e - an uncursed +0 Hawaiian shirt (being worn) Comestibles b - an uncursed tin of goblin meat c - 2 uncursed tins of sewer rat meat d - 5 uncursed food rations f - an uncursed cram ration g - 2 uncursed tripe rations h - an uncursed fortune cookie i - an uncursed chestnut Scrolls k - 4 uncursed scrolls of magic mapping Potions j - 2 uncursed potions of extra healing Wands n - an uncursed wand of secret door detection (0:11) Tools l - an uncursed expensive camera (0:57) m - an uncursed credit card o - an uncursed leash Spells and supernatural/magical abilities: Name Level Category Fail Memory W - pray for help -- divine ? -- Your skills at the end: Miscellaneous Skills wands [Basic] Weapon Skills dart [Basic] Spellcasting Skills Final Attributes: You were devoutly aligned. You had infravision. You were very stealthy. You are dead. Vanquished creatures: a goblin Voluntary challenges: You went without food. You did not adorn yourself with jewelry or accessories. You did not cause conflict. You were not invisible. You did not have reflection. You were not displaced. You were an atheist. You never hit with a wielded weapon. You were a pacifist. You did not use tools. You did not use plumbed fixtures. You did not drink any magical draughts. You were illiterate. You never genocided any monsters. You never polymorphed an object. You never changed form. You used no wishes. You never split a pudding. You never wrote Elbereth's name. You never violated your personal moral code. Dungeon overview: The Dungeons of Doom: levels 1 to 13 Level 1 a fountain a long staircase Level 2 Level 3 a long staircase Level 4 Level 5 Level 6 Level 7 Level 8 Level 9 Level 10 Level 11 an altar to Blind Io Level 12 Level 13 <- You were here History has recorded: On T:1 you entered the Dungeons of Doom to retrieve the Amulet of Yendor! On T:26 you reached level 2 of The Dungeons of Doom. On T:28 you reached level 3 of The Dungeons of Doom. On T:31 you reached level 4 of The Dungeons of Doom. On T:33 you reached level 5 of The Dungeons of Doom. On T:35 you reached level 6 of The Dungeons of Doom. On T:37 you reached level 7 of The Dungeons of Doom. On T:40 you reached level 8 of The Dungeons of Doom. On T:42 you reached level 9 of The Dungeons of Doom. On T:44 you reached level 10 of The Dungeons of Doom. On T:48 you reached level 11 of The Dungeons of Doom. On T:50 you reached level 12 of The Dungeons of Doom. On T:52 you reached level 13 of The Dungeons of Doom. Score breakdown: Gold: 0 ( 0 points) Experience: 1 level ( 0 points) Exploration: 13 levels ( 360 points) Discoveries: 0 items ( 0 points) Variety of kills: 1 monster ( 50 points) Major goal: (nothing yet) ( 0 points) Survival: died (score multiplied by 3) Total score: 1230 Latest messages: You continue digging downward. You dig a pit in the floor. You continue digging downward. You dig a hole through the floor. You fall through... You start digging downward. You continue digging downward. You dig a pit in the floor. You continue digging downward. You dig a hole through the floor. You fall through... You start digging downward. You continue digging downward. You dig a pit in the floor. You continue digging downward. You dig a hole through the floor. You fall through... The wererat changes into a rat. You start digging downward. The plains centaur punches you! The plains centaur kicks! You die... Final status: Aloha noty the Tourist, killed by a plains centaur... You died in The Dungeons of Doom on dungeon level 13 with 1230 points, and 160 pieces of gold, after 53 moves. You were level 1 with a maximum of 9 hit points when you died.